 Dungeon Crawl Stone Soup version 0.20-a0-1116-gaa52201 (webtiles) character file.

155 deadleaves the Skirmisher (level 5, -1/34 HPs)
             Began as a Gargoyle Monk on May 8, 2017.
             Was a Believer of Wu Jian.
             Slain by a slave (5 damage)
             ... led by Pikel
             ... on level 7 of the Dungeon.
             The game lasted 00:55:05 (2775 turns).

deadleaves the Skirmisher (Gargoyle Monk)           Turns: 2775, Time: 00:55:05

Health: -1/34      AC: 10    Str: 19    XL:     5   Next: 37%
Magic:  5/5        EV: 11    Int: 11    God:    Wu Jian [**....]
Gold:   92         SH:  0    Dex: 13    Spells: 3/4 levels left

rFire    . . .     SeeInvis .     - Unarmed
rCold    . . .     Gourm    +   (no shield)
rNeg     + . .     Faith    .   q - +0 scale mail
rPois    ∞         Spirit   .   (no helmet)
rElec    +         Reflect  .   (no cloak)
rCorr    .         Harm     .   (no gloves)
MR       .....                  (no boots)
Stlth    ++........             p - amulet of the gourmand
Regen    0.2/turn               e - ring of stealth
MPRegen  0.1/turn               (no ring)

@: mighty
A: negative energy resistance 1, electricity resistance, unbreathing,
petrification resistance, rot immunity, AC +4
a: Renounce Religion


You were on level 7 of the Dungeon.
You worshipped Wu Jian.
Wu Jian was pleased with you.
You were completely stuffed.

You visited 1 branch of the dungeon, and saw 5 of its levels.

You collected 92 gold pieces.

Inventory:

Hand Weapons
 d - a +0 hunting sling
 f - a +0 club
 j - a +0 dagger
 l - a +0 mace
 r - a +3 dagger
 v - a +0 hand axe
Missiles
 g - 11 arrows
 k - 67 stones (quivered)
 s - 15 bolts
 B - 15 sling bullets
Armour
 a - a +0 robe
 q - a +0 scale mail (worn)
 t - a +0 robe
 u - a +0 leather armour
Jewellery
 e - a ring of stealth (left hand)
 p - an amulet of the gourmand (around neck)
Scrolls
 c - 4 scrolls of remove curse
 y - a scroll of enchant armour {unknown}
Potions
 h - 2 potions of might
 i - a potion of haste {unknown}
 x - a potion of resistance {unknown}
 z - a potion of magic {unknown}
 A - a potion of degeneration {unknown}
 C - a potion of lignification {unknown}
Books
 D - a book of Geomancy

   Spells                             Type                      Level
   a - Sandblast                      Earth                        1
   b - Passwall                       Transmutation/Earth          2
   c - Stone Arrow                    Conjuration/Earth            3
   d - Petrify                        Transmutation/Earth          4
   e - Lee's Rapid Deconstruction     Earth                        5
Comestibles
 b - 2 bread rations
 n - 2 meat rations
 o - a royal jelly
 w - a chunk of flesh


   Skills:
 + Level 4.3 Fighting
 + Level 0.1 Short Blades
 + Level 2.4 Maces & Flails
 + Level 0.1(0.2) Slings
 + Level 0.1(0.2) Throwing
 + Level 0.4 Armour
 + Level 2.8 Dodging
 + Level 2.9 Stealth
 + Level 3.4 Unarmed Combat


You had 3 spell levels left.
You knew the following spells:

 Your Spells              Type           Power        Failure   Level  Hunger
a - Sandblast             Erth           #.....       75%         1    ##.....


Dungeon Overview and Level Annotations

Branches:
Dungeon (4/15)
 Temple: D:4-7

Altars:
Ru
Wu Jian

Annotations:
D:7 Pikel


Innate Abilities, Weirdness & Mutations

You are resistant to torment.
Your stone body is resilient. (AC +4)
You are immune to poison.
You resist negative energy. (rN+)
You are resistant to electric shocks. (rElec)
You can survive without breathing.
You are immune to petrification.
You are immune to rotting.


Message History

Pikel says, "Slavery isn't that bad."
Pikel hits you but does no damage.
The shadow imp shouts, "Get thee gone, thou obnoxious base-court nert!"
Unknown command.
It was a potion of might.
You feel very mighty all of a sudden.
The shadow imp shouts, "Slither home, thou foppish swag-bellied wastrel!"
The slave closely misses you. The slave hits you but does no damage.
Pikel hits you but does no damage.
You punch Pikel!
Pikel is moderately wounded.
The slave hits you but does no damage. The shadow imp spits at you.
The slave hits you but does no damage.
You closely miss Pikel.
Pikel is moderately wounded.
Pikel closely misses you. The slave hits you.
* * * LOW HITPOINT WARNING * * *
The slave hits you.
You die...

### #####....
#......# ###
#K###.... .5#
#@##.#######.####
#ppF#..≈≈≈..#..p##
#p5#p5≈...≈..#p..#
#.#c..≈._.≈.p.#..#
#..#..≈..?≈..#.#.#
#.#.#..≈≈≈..#.##.#
#.## #######.##..#
#.# ........††.#
#.# ...........#


You could see Pikel, 4 slaves, a bullfrog, a centaur and 2 shadow imps.

Vanquished Creatures
  A bullfrog skeleton (D:4)
  A worker ant (D:4)
  An adder (D:3)
  2 gnolls (D:7)
  An ooze (D:2)
  4 dart slugs
  2 leopard geckos
  3 orcs (D:3)
  2 giant cockroaches (D:2)
  6 hobgoblins
  5 jackals
  4 kobolds
  A quokka (D:2)
  10 bats
  A frilled lizard (D:1)
  6 goblins
  6 rats
56 creatures vanquished.

Notes
Turn   | Place    | Note
-------+----------+-------------------------------------------
     0 | D:1      | deadleaves the Gargoyle Monk began the quest for the Orb.
     0 | D:1      | Reached XP level 1. HP: 14/14 MP: 1/1
   668 | D:1      | Reached XP level 2. HP: 19/19 MP: 2/2
  1062 | D:1      | Reached XP level 3. HP: 19/23 MP: 3/3
  1316 | D:1      | You fall through a shaft!
  1543 | D:2      | Found an ornate altar of the Wu Jian Council.
  1575 | D:2      | Became a worshipper of the Wu Jian Council
  1575 | D:2      | Reached * piety under Wu Jian
  1575 | D:2      | Reached ** piety under Wu Jian
  1627 | D:2      | Reached skill level 1 in Maces & Flails
  1925 | D:2      | Reached XP level 4. HP: 10/29 MP: 4/4
  2343 | D:3      | You fall through a shaft!
  2448 | D:4      | Reached skill level 4 in Fighting
  2551 | D:4      | Reached XP level 5. HP: 23/33 MP: 5/5
  2626 | D:4      | Learned a level 1 spell: Sandblast
  2634 | D:4      | You fall through a shaft for 3 floors!
  2634 | D:7      | Noticed a slave
  2649 | D:7      | Noticed a slave
  2651 | D:7      | Found a sacrificial altar of Ru.
  2651 | D:7      | Noticed Pikel
  2651 | D:7      | Noticed a slave
  2651 | D:7      | Noticed a slave
  2669 | D:7      | Noticed a centaur
  2775 | D:7      | Slain by a slave

Vault maps used:
D:1:      dpeg_arrival_tiny_c
D:2:      lemuel_round_altar
D:3:      first_bread, grunt_qazlal_sundering, uniq_grinder
D:4:      minmay_temple_entry_statues_pillars, kennysheep_generic_room_8
D:7:      nicolae_overflow_hidden_temple, led_sif_book, nicolae_ru_awakened_eye,
          kennysheep_mini_moat, serial_shops, kennysheep_little_box, uniq_pikel,
          uniq_prince_ribbit1

Skill      XL: |  1  2  3  4 |
---------------+-------------+-----
Maces & Flails | 1 2 |  2.4
Fighting       | 4 |  4.3
Short Blades   | |  0.1
Slings         | |  0.1
Throwing       | |  0.1
Armour         | |  0.4
Dodging        | |  2.8
Stealth        | |  2.9
Unarmed Combat | |  3.4

Action                   |  1- 3 |  4- 6 || total
-------------------------+-------+-------++-------
Melee: Unarmed           |    29 |    68 ||    97
       Club              |    32 |       ||    32
       Dagger            |    18 |       ||    18
       Punch             |     3 |       ||     3
       Mace              |    66 |    65 ||   131
 Fire: Hunting sling     |     4 |       ||     4
Throw: Stone             |     6 |       ||     6
  Use: Scroll            |     2 |     1 ||     3
       Potion            |       |     1 ||     1
 Stab: Sleeping          |     4 |     1 ||     5
  Eat: Chunk             |    12 |     6 ||    18
Armor: Robe              |    48 |       ||    48
       Scale mail        |    26 |    79 ||   105
Dodge: Dodged            |   117 |    85 ||   202
